 Dungeon Crawl Stone Soup version 0.20.0-6-gd3061e9 (webtiles) character file.

811 straycat the Sneak (level 7, -7/51 HPs)
             Began as a Vampire Wanderer on May 29, 2017.
             Was a Follower of Yredelemnul.
             Mangled by an orc warrior
             ... wielding a +0 battleaxe
              (29 damage)
             ... on level 5 of the Dungeon.
             The game lasted 00:52:44 (8907 turns).

straycat the Sneak (Vampire Wanderer)               Turns: 8907, Time: 00:52:46

Health: -7/51      AC:  5    Str: 11    XL:     7   Next: 61%
Magic:  6/11       EV: 12    Int: 14    God:    Yredelemnul [*.....]
Gold:   188        SH:  0    Dex: 16    Spells: 9/11 levels left

rFire    . . .     SeeInvis +   k - +0 short sword
rCold    . . .     Gourm    .   (no shield)
rNeg     + . .     Faith    .   g - +0 ring mail
rPois    .         Spirit   .   (no helmet)
rElec    .         Reflect  .   (no cloak)
rCorr    .         Harm     .   (no gloves)
MR       .....                  (no boots)
Stlth    +++.......             (no amulet)
Regen    0.2/turn               (no ring)
MPRegen  0.2/turn               (no ring)

@: no status effects
A: fangs 3, see invisible, unbreathing
a: Bat Form, Animate Remains, Renounce Religion


You were on level 5 of the Dungeon.
You worshipped Yredelemnul.
Yredelemnul was aware of your devotion.
You were not thirsty.

You visited 2 branches of the dungeon, and saw 7 of its levels.

You collected 188 gold pieces.

Inventory:

Hand Weapons
 k - a +0 short sword (weapon)
 n - a +0 spear
 C - a +0 flail of protection
Missiles
 e - 5 needles of confusion
 h - 193 stones (quivered)
 j - 43 arrows
 z - 25 bolts
 D - 6 poisoned needles
Armour
 d - a +0 robe
 g - a +0 ring mail (worn)
 s - a +0 leather armour
 u - a +0 scale mail
 E - a +0 pair of gloves
 F - a +0 chain mail
Magical Staves
 y - an uncursed staff of air {unknown}
Scrolls
 o - a scroll of amnesia
 p - a scroll of magic mapping
 w - 5 scrolls of remove curse
Potions
 f - 8 potions of blood
 i - 3 potions of lignification
 l - 2 potions of agility
 m - a potion of flight
 r - a potion of berserk rage {unknown}
 t - 2 potions of resistance
 x - 2 potions of magic {unknown}
 A - 2 potions of curing
 B - a potion of might {unknown}
Books
 a - a book of Maledictions

   Spells                             Type                      Level
   a - Corona                         Hexes                        1
   b - Ensorcelled Hibernation        Hexes/Ice                    2
   c - Confuse                        Hexes                        3
   d - Tukima's Dance                 Hexes                        3
   e - Dazzling Spray                 Conjuration/Hexes            3
 b - Sif Muna's Tome of Envenoming

   Spells                             Type                      Level
   a - Sting                          Conjuration/Poison           1
   b - Mephitic Cloud                 Conjuration/Poison/Air       3
 c - the Reference Book on Lightness

   Spells                             Type                      Level
   a - Shock                          Conjuration/Air              1
   b - Mephitic Cloud                 Conjuration/Poison/Air       3
 q - Sif Muna's Disquisition on Changing
   (You found it on level 3 of the Dungeon)

   Spells                             Type                      Level
   a - Beastly Appendage              Transmutation                1


   Skills:
 * Level 2.6 Fighting
 * Level 4.0 Short Blades
 + Level 1.8 Armour
 * Level 3.7 Dodging
 * Level 5.6 Stealth
   Level 1.0 Shields
 + Level 2.7 Spellcasting
 - Level 1.0 Conjurations
 - Level 4.4 Hexes
 - Level 4.0 Air Magic
   Level 1.0 Evocations


You had 9 spell levels left.
You knew the following spells:

 Your Spells              Type           Power        Failure   Level  Hunger
a - Corona                Hex            ##.....      9%          1    #......
b - Shock                 Conj/Air       #...         19%         1    #......


Dungeon Overview and Level Annotations

Branches:
Dungeon (6/15)             Temple (1/1) D:4

Altars:
Ashenzari
Cheibriados
Dithmenos
Elyvilon
Fedhas
Gozag
Hepliaklqana
Kikubaaqudgha
Makhleb
Nemelex Xobeh
Okawaru
Qazlal
Ru
Sif Muna
Trog
Uskayaw
Vehumet
Xom
Yredelemnul
Zin
The Shining One

Shops:
D:4 [

Annotations:
D:6 Edmund


Innate Abilities, Weirdness & Mutations

You have razor-sharp teeth.
You have supernaturally acute eyesight. (SInv)
You can survive without breathing.


Message History

Aim: an orc, wielding a dagger and wearing a chain mail (moderately wounded)
The zap hits the orc warrior.
The orc warrior appears unharmed.
The orc warrior is lightly wounded.
The zap hits the orc.
The orc is severely wounded.
The zap misses the orc.
Casting: Shock
Confirm with . or Enter, or press ? or * to list all spells.
Aiming: Shock
Press: ? - help, Shift-Dir - straight line, f/p - orc
Aim: an orc, wielding a dagger and wearing a chain mail (moderately wounded)
The zap hits the orc warrior.
The orc warrior is moderately wounded.
The zap misses the orc.
The zap hits the orc.
The orc appears unharmed.
The orc is moderately wounded.
The orc warrior stops glowing.
The orc warrior hits you with a battleaxe!!
Ouch! That really hurt!
You die...
Yredelemnul claims you as an undead slave.

#.#
############.#.#...
#.# ###.#..# #.#
######..####
#.########
#..##.......
#........#
#......8..>.
##....##.#
#.###.......
#....##.#
#.####..####
#######.#
#>...##.#... #@#
#.###.#'#... #o#
#.# #......# ####o#
#.# #......# #..oo#
#.# #......# #....#
#.# #......# #....#
#........... #....#
#########'## #....#
#.# #..o.# # #.#


You could see an orc warrior and 3 orcs.

Vanquished Creatures
  A sky beast (D:5)
  A phantom (D:5)
  A bullfrog (D:5)
  A scorpion (D:5)
  A howler monkey (D:4)
  A centaur skeleton (D:4)
  2 orc priests (D:5)
  A bullfrog skeleton (D:4)
  2 orc wizards (D:3)
  An iguana (D:4)
  A worker ant zombie (D:5)
  A howler monkey skeleton (D:5)
  10 adders
  3 gnolls (D:5)
  2 shadow imps
  An ooze (D:3)
  An adder skeleton (D:4)
  3 worms
  3 dart slugs
  4 leopard geckos
  10 orcs
  3 ball pythons (D:5)
  6 bats
  4 giant cockroaches
  6 goblins
  10 hobgoblins
  5 jackals
  6 kobolds
  6 quokkas
  5 frilled lizards
  A quokka skeleton (D:5)
  11 rats
114 creatures vanquished.

Notes
Turn   | Place    | Note
-------+----------+-------------------------------------------
     0 | D:1      | straycat the Vampire Wanderer began the quest for the Orb.
     0 | D:1      | straycat set off with: a book of Maledictions, Sif Muna's Tome of Envenoming, the Reference Book on Lightness, a +0 robe, a +0 dagger, a potion of blood
     0 | D:1      | Reached XP level 1. HP: 13/13 MP: 2/2
     0 | D:1      | Identified Sif Muna's Tome of Envenoming
     0 | D:1      | Identified the Reference Book on Lightness
     2 | D:1      | Learned a level 1 spell: Corona
     4 | D:1      | Learned a level 1 spell: Shock
    89 | D:1      | Reached skill level 1 in Stealth
   251 | D:1      | Reached XP level 2. HP: 13/19 MP: 3/3
   598 | D:1      | Reached skill level 1 in Short Blades
   741 | D:1      | Reached skill level 2 in Stealth
   873 | D:1      | Reached XP level 3. HP: 21/25 MP: 3/5
  1284 | D:2      | Found a hazy altar of Hepliaklqana.
  1314 | D:2      | Reached skill level 1 in Dodging
  1725 | D:2      | HP: 1/25 [worm (2)]
  2646 | D:2      | Found a stormy altar of Qazlal.
  2991 | D:2      | Found a sacrificial altar of Ru.
  3149 | D:3      | Reached XP level 4. HP: 28/31 MP: 6/6
  3208 | D:3      | Found a radiant altar of Vehumet.
  3435 | D:3      | Reached skill level 3 in Stealth
  3979 | D:3      | Reached skill level 1 in Armour
  4482 | D:3      | Found a deep blue altar of Sif Muna.
  4654 | D:3      | Reached XP level 5. HP: 28/36 MP: 1/7
  5104 | D:3      | Identified Sif Muna's Disquisition on Changing
  5650 | D:4      | Reached skill level 1 in Fighting
  5846 | D:4      | Found a staircase to the Ecumenical Temple.
  5852 | Temple   | Entered the Ecumenical Temple
  5996 | Temple   | Became a worshipper of Yredelemnul the Dark
  6085 | D:4      | Reached skill level 4 in Stealth
  6205 | D:4      | Reached XP level 6. HP: 26/43 MP: 9/9
  6484 | D:4      | Reached skill level 1 in Conjurations
  6541 | D:4      | Found Sifeowin's Antique Armour Emporium.
  6687 | D:5      | Entered Level 5 of the Dungeon
  7078 | D:5      | HP: 2/44 [orc priest/divine providence (15)]
  7112 | D:6      | Noticed Edmund
  7182 | D:5      | Reached XP level 7. HP: 13/50 MP: 8/10
  7561 | D:5      | Reached * piety under Yredelemnul
  7799 | D:5      | Reached skill level 5 in Stealth
  8907 | D:5      | Mangled by an orc warrior

Skill      XL: |  1  2  3  4  5  6  7 |
---------------+----------------------+-----
Stealth        | 1 2 3 4 5 |  5.6
Short Blades   | 1 2 3 4 |  4.0
Dodging        | 1 2 3 |  3.7
Armour         | 1 |  1.8
Spellcasting   | 2 |  2.7
Fighting       | 1 2 |  2.6
Conjurations   | 1 |  1.0
Shields        | |  1.0
Hexes          | |  4.4
Air Magic      | |  4.0
Evocations     | |  1.0

Action                   |  1- 3 |  4- 6 |  7- 9 || total
-------------------------+-------+-------+-------++-------
Melee: Dagger            |    14 |       |       ||    14
       Short sword       |   119 |    89 |    17 ||   225
       Bite              |    16 |    30 |    12 ||    58
       Flail             |       |    99 |   106 ||   205
       Unarmed           |       |    31 |       ||    31
Throw: Stone             |     4 |    75 |       ||    79
 Cast: Shock             |    57 |    38 |     3 ||    98
       Corona            |     4 |    37 |    33 ||    74
 Abil: End Transformatio |       |     1 |       ||     1
       Bat Form          |       |     1 |       ||     1
  Use: Potion            |     9 |    13 |     7 ||    29
       Scroll            |     8 |    10 |     1 ||    19
 Stab: Sleeping          |     2 |     2 |     1 ||     5
Armor: Robe              |    25 |       |       ||    25
       Ring mail         |    10 |    67 |    35 ||   112
Dodge: Dodged            |   117 |   159 |    86 ||   362
